[Event "ICC tourney 3198 (30 10)"]
[Site "Internet Chess Club"]
[Date "2023.05.20"]
[Round "5"]
[White "Agrawal, Arvin:championfugman"]
[Black "SIMPSON, MICHAEL:MichaelSimpson"]
[Result "0-1"]
[ICCResult "White resigns"]
[WhiteElo "1575"]
[BlackElo "2100"]
[Opening "Nimzo-Indian: three knights variation"]
[ECO "E21"]
[NIC "NI.28"]
[Time "20:00:35"]
[PlyCount "56"]
[TimeControl "1800+10"]

1. d4 Nf6 2. c4 e6 3. Nc3 Bb4 4. Nf3 O-O 5. Bg5 h6 6. Bh4 c5 7. e3 Qa5 8.
Bxf6 Bxc3+ 9. bxc3 Qxc3+ 10. Nd2 gxf6 11. Rc1 Qa5 12. Qh5 Kg7 13. Qg4+ Kh8
14. Qh4 Kg7 15. Qg4+ Kh7 16. Bd3+ f5 17. Bxf5+ exf5 18. Qxf5+ Kg7 19. Qe5+
f6 20. Qg3+ Kh7 21. Qd6 Rf7 22. Qd5 Kg7 23. Qd6 cxd4 24. Qg3+ Qg5 25. Qxg5+
hxg5 26. Ne4 Nc6 27. Nd6 Rf8 28. exd4 Nxd4 {White resigns} 0-1

[Event "ICC tourney 3198 (30 10)"]
[Site "Internet Chess Club"]
[Date "2023.05.20"]
[Round "5"]
[White "GU, MINGHAO:mancogu"]
[Black "MARKOVIC, GORAN:Goran21"]
[Result "0-1"]
[ICCResult "White checkmated"]
[WhiteElo "2033"]
[BlackElo "2049"]
[Opening "Sicilian: Najdorf, 7...Be7 main line"]
[ECO "B99"]
[NIC "SI.09"]
[Time "20:00:15"]
[PlyCount "76"]
[TimeControl "1800+10"]

1. e4 c5 2. Nf3 d6 3. d4 cxd4 4. Nxd4 Nf6 5. Nc3 a6 6. Bg5 e6 7. f4 Be7 8.
Qf3 Qc7 9. O-O-O Nbd7 10. Bd3 h6 11. Bh4 b5 12. Bg3 Bb7 13. a3 Qb6 14. Nb3
Rc8 15. Qe2 b4 16. axb4 Qxb4 17. Kb1 O-O 18. Bf2 a5 19. Na2 Qa4 20. Bb5 Qxe4
21. Qd2 a4 22. Nc3 Rxc3 23. Qxc3 axb3 24. Qxb3 Rb8 25. Ba7 Ra8 26. Bd3 Qc6
27. Bb5 Qc7 28. Bd4 Bd5 29. Qd3 Qa5 30. b3 Be4 31. Qe2 d5 32. Rhg1 Bb4 33.
Ba4 Nc5 34. Bxc5 Bxc5 35. Rgf1 Rb8 36. Ka2 Qb4 37. Bc6 Qa3+ 38. Kb1 Rxb3#
{White checkmated}
0-1

[Event "ICC tourney 3198 (30 10)"]
[Site "Internet Chess Club"]
[Date "2023.05.20"]
[Round "5"]
[White "SRIPADA, Havish:brilliantnessme"]
[Black "DE LA COLINA, NICOLAS ALEJANDRO:Venom2020"]
[Result "0-1"]
[ICCResult "White resigns"]
[WhiteElo "2142"]
[BlackElo "2316"]
[Opening "Sicilian: Richter-Rauzer, Larsen variation, 7.Qd2"]
[ECO "B61"]
[NIC "SI.27"]
[Time "20:00:02"]
[PlyCount "87"]
[TimeControl "1800+10"]

1. e4 c5 2. Nf3 Nc6 3. d4 cxd4 4. Nxd4 Nf6 5. Nc3 d6 6. Bg5 Bd7 7. Qd2 h6 8.
Bxf6 gxf6 9. Nxc6 bxc6 10. Bc4 Qa5 11. O-O-O h5 12. Kb1 Rb8 13. f4 Bh6 14.
Rhf1 Rg8 15. Bb3 f5 16. e5 d5 17. e6 Bxe6 18. Nxd5 Qxd2 19. Nc7+ Kd7 20.
Nxe6 Qxd1+ 21. Rxd1+ Ke8 22. Nd4 Rd8 23. Ba4 Rg6 24. g3 Bg7 25. c3 Bxd4 26.
Rxd4 Rxd4 27. cxd4 Kd8 28. Bd1 h4 29. gxh4 Rg1 30. Kc1 Rh1 31. h5 Rxh2 32.
h6 Rxh6 33. Kd2 Rh2+ 34. Be2 Kc7 35. Ke3 Kd6 36. b3 e6 37. a4 Rh3+ 38. Bf3
c5 39. dxc5+ Kxc5 40. a5 Kb5 41. a6 Kxa6 42. b4 Kb5 43. Kd4 Rxf3 44. Ke5
{White resigns}
0-1

[Event "ICC tourney 3198 (30 10)"]
[Site "Internet Chess Club"]
[Date "2023.05.20"]
[Round "5"]
[White "QIAO, RICHARDSON JINGSI:Richardsonqiao"]
[Black "KONA, VIDIP KUMAR:Vidipkona"]
[Result "0-1"]
[ICCResult "White checkmated"]
[WhiteElo "1573"]
[BlackElo "1979"]
[Opening "Benoni: classical, 9.O-O"]
[ECO "A73"]
[NIC "BI.14"]
[Time "20:00:56"]
[PlyCount "156"]
[TimeControl "1800+10"]

1. d4 Nf6 2. c4 c5 3. d5 e6 4. Nc3 exd5 5. cxd5 d6 6. e4 g6 7. Nf3 Bg7 8.
Be2 O-O 9. O-O Bg4 10. Nd2 Bxe2 11. Qxe2 a6 12. a4 Re8 13. Qf3 Nbd7 14. Nc4
Nb6 15. Nxb6 Qxb6 16. Bg5 Nd7 17. Rab1 Ne5 18. Qe3 h6 19. Bf4 g5 20. Bg3 Qa5
21. h3 b5 22. b3 Ng6 23. Ne2 Qc7 24. Qd3 c4 25. Qc2 Qe7 26. f3 Rac8 27. axb5
axb5 28. bxc4 bxc4 29. Rb6 Be5 30. Bxe5 Nxe5 31. Kh1 Rb8 32. Rfb1 Rxb6 33.
Rxb6 Qc7 34. Ra6 Qc5 35. Ng3 c3 36. Ne2 Rc8 37. Ra1 Qf2 38. Rc1 Qe3 39. Rd1
Rb8 40. Nxc3 Rc8 41. Rc1 Nd3 42. Rf1 Nb4 43. Qb3 Qxc3 44. Qxc3 Rxc3 45. Rb1
Nd3 46. Rb8+ Kg7 47. Rd8 Rc1+ 48. Kh2 Rc2 49. Kg1 Nf4 50. Kf1 Nxg2 51. Rxd6
Nf4 52. Rc6 Rxc6 53. dxc6 Ne6 54. Kf2 Kf6 55. Ke3 Ke5 56. Kd3 Kd6 57. Kc3
Kxc6 58. Kc4 Kd6 59. Kd3 Ke5 60. Ke3 h5 61. h4 gxh4 62. Kf2 Kf4 63. Kg2 Ng5
64. Kf2 Nxf3 65. Kg2 Kxe4 66. Kh3 Kf4 67. Kg2 Ng5 68. Kf2 Kg4 69. Kg2 f5 70.
Kf2 f4 71. Kg2 f3+ 72. Kf2 Kf4 73. Kg1 Kg3 74. Kf1 h3 75. Kg1 Ne4 76. Kh1
Nf2+ 77. Kg1 h2+ 78. Kf1 h1=Q# {White checkmated} 0-1

[Event "ICC tourney 3198 (30 10)"]
[Site "Internet Chess Club"]
[Date "2023.05.20"]
[Round "5"]
[White "XIA, JOSHUA:MathMonkey"]
[Black "HANKE, HARVEY:ThinkingPanda"]
[Result "0-1"]
[ICCResult "White checkmated"]
[WhiteElo "1997"]
[BlackElo "1884"]
[Opening "Ruy Lopez: Schliemann defense"]
[ECO "C63"]
[NIC "RL.06"]
[Time "20:00:05"]
[PlyCount "112"]
[TimeControl "1800+10"]

1. e4 e5 2. Nf3 Nc6 3. Bb5 f5 4. d3 fxe4 5. dxe4 Nf6 6. Nc3 Bb4 7. O-O d6 8.
Bg5 Bxc3 9. bxc3 h6 10. Be3 Bd7 11. Qd3 O-O 12. Rab1 Rb8 13. Nd2 Nh5 14.
Qc4+ Kh8 15. Bxc6 Bxc6 16. Bxa7 Ra8 17. Be3 Ra4 18. Qb3 Qh4 19. f3 Nf4 20.
Bxf4 Qxf4 21. Rbd1 Rfa8 22. Rfe1 Ra3 23. Qc4 Rxa2 24. g3 Qg5 25. Qf7 Rxc2
26. Nf1 Qf6 27. Qh5 Rxc3 28. Ne3 Raa3 29. Ng4 Qg5 30. Qh3 Rxf3 31. Nf2 Rxg3+
32. hxg3 Rxg3+ 33. Qxg3 Qxg3+ 34. Kf1 Bb5+ 35. Re2 Bxe2+ 36. Kxe2 Qa3 37.
Rd3 Qa2+ 38. Rd2 Qc4+ 39. Rd3 b5 40. Ke3 b4 41. Rd5 b3 42. Nd3 Qc3 43. Rb5
c5 44. Rb8+ Kh7 45. Ke2 c4 46. Nf2 b2 47. Nd1 b1=Q 48. Rxb1 Qc2+ 49. Ke1
Qxb1 50. Ke2 Qd3+ 51. Ke1 c3 52. Nf2 Qe3+ 53. Kf1 c2 54. Kg2 c1=Q 55. Ng4
Qcd2+ 56. Kh1 Qee1# {White checkmated} 0-1

[Event "ICC tourney 3198 (30 10)"]
[Site "Internet Chess Club"]
[Date "2023.05.20"]
[Round "5"]
[White "YU, AVERY:Averyyu321"]
[Black "QUIRKE, JEFFREY L:PawnEatingZombi"]
[Result "0-1"]
[ICCResult "White resigns"]
[WhiteElo "1952"]
[BlackElo "2176"]
[Opening "Two knights defense (Modern bishop's opening)"]
[ECO "C55"]
[NIC "IG.01"]
[Time "20:00:12"]
[PlyCount "104"]
[TimeControl "1800+10"]

1. e4 e5 2. Nf3 Nc6 3. Bc4 Nf6 4. d3 h6 5. O-O d6 6. c3 g5 7. Re1 Bg7 8. d4
g4 9. dxe5 Nh5 10. Nd4 Nxe5 11. Bb3 Qf6 12. Nd2 Nf4 13. Nf1 h5 14. Bxf4 Qxf4
15. Qd2 Qxd2 16. Nxd2 Bd7 17. Nf5 Bf6 18. Nc4 Be6 19. Nxe5 Bxe5 20. Bxe6
fxe6 21. Nd4 Kd7 22. Rad1 Raf8 23. Re3 Rf7 24. f3 a6 25. Ne2 Rhf8 26. Rdd3
c5 27. c4 Kc6 28. b3 b5 29. Kf2 b4 30. h3 gxh3 31. gxh3 h4 32. Rd1 Rg8 33.
Rg1 Rxg1 34. Kxg1 Bd4 35. Nxd4+ cxd4 36. Rd3 e5 37. Kf2 Kc5 38. Rd1 Rg7 39.
Rh1 a5 40. Rd1 a4 41. Rh1 axb3 42. axb3 Ra7 43. Rb1 Ra2+ 44. Kg1 d3 45. Rd1
Kd4 46. Kf1 Ke3 47. f4 exf4 48. c5 dxc5 49. e5 Rf2+ 50. Kg1 Re2 51. e6 d2
52. Kf1 Kd3 {White resigns} 0-1

[Event "ICC tourney 3198 (30 10)"]
[Site "Internet Chess Club"]
[Date "2023.05.20"]
[Round "5"]
[White "LIANG, YU-CHENG:Yucheng"]
[Black "Yang, Daniel:danielbest"]
[Result "1-0"]
[ICCResult "Black resigns"]
[WhiteElo "2197"]
[BlackElo "2073"]
[Opening "King's Indian: Averbakh system"]
[ECO "E73"]
[NIC "KI.26"]
[Time "20:00:04"]
[PlyCount "105"]
[TimeControl "1800+10"]

1. d4 Nf6 2. c4 g6 3. Nc3 Bg7 4. e4 d6 5. Be2 O-O 6. Bg5 Nbd7 7. Qd2 b6 8.
f3 Bb7 9. Nh3 a5 10. Nf2 a4 11. Rd1 e5 12. d5 Nc5 13. g4 Qd7 14. h4 Ne8 15.
h5 f6 16. Be3 Rf7 17. Rh2 g5 18. h6 Bf8 19. Nh1 Bc8 20. Ng3 Qd8 21. Kf2 Bd7
22. Rg1 Qe7 23. Rh5 Kh8 24. Qc1 Qd8 25. Bd2 Qe7 26. Rhh1 Qd8 27. Qf1 Kg8 28.
Qh3 Rb8 29. Qf1 Ra8 30. Qc1 Kh8 31. Rh5 Qe7 32. Kf1 Qd8 33. Nh1 Qe7 34. Nf2
Qd8 35. Nh3 Be7 36. Kf2 Rb8 37. Qb1 Ra8 38. b4 axb3 39. axb3 Qb8 40. b4 Na4
41. Nb5 c5 42. dxc6 Bxc6 43. Qb3 Qb7 44. Qc2 Qc8 45. Qb3 Qb7 46. Rb1 Nc7 47.
Ra1 Qa6 48. Nxc7 Qb7 49. Nxa8 Qxa8 50. b5 Bb7 51. Rxa4 Qc8 52. c5 Qxc5+ 53.
Be3 {Black resigns} 1-0

[Event "ICC tourney 3198 (30 10)"]
[Site "Internet Chess Club"]
[Date "2023.05.20"]
[Round "5"]
[White "CHINNI, RISHABH:alphachesplayer"]
[Black "BAGCHI, SOUNAK:Chesssaga"]
[Result "0-1"]
[ICCResult "White resigns"]
[WhiteElo "1987"]
[BlackElo "2160"]
[Opening "Sicilian: accelerated fianchetto, Maróczy bind"]
[ECO "B36"]
[NIC "SI.33"]
[Time "20:00:21"]
[PlyCount "98"]
[TimeControl "1800+10"]

1. e4 c5 2. Nf3 g6 3. d4 cxd4 4. Nxd4 Nc6 5. c4 Nf6 6. Nc3 d6 7. Be2 Nxd4 8.
Qxd4 Bg7 9. Be3 O-O 10. Qd2 Qa5 11. O-O Be6 12. b3 Rfc8 13. Rac1 a6 14. f4
b5 15. f5 Bd7 16. fxg6 hxg6 17. e5 b4 18. exf6 bxc3 19. Rxc3 Bxf6 20. Bd4
Bxd4+ 21. Qxd4 Qc5 22. Qxc5 Rxc5 23. b4 Re5 24. Bf3 Rb8 25. a3 a5 26. b5 Rc5
27. a4 Be6 28. Rfc1 Kf8 29. Bc6 f5 30. Kf2 Bf7 31. Ke3 e5 32. h3 Ke7 33. g4
Be6 34. gxf5 gxf5 35. Kd3 Kf6 36. h4 Rg8 37. Ke2 e4 38. Bd5 Bxd5 39. cxd5
Rxd5 40. b6 Rg2+ 41. Ke1 Rb2 42. Rc6 Rdd2 43. Rb1 Re2+ 44. Kd1 Rbd2+ 45. Kc1
e3 46. Rxd6+ Rxd6 47. b7 Re1+ 48. Kc2 Rxb1 49. Kxb1 Rb6+ {White resigns} 0-1

[Event "ICC tourney 3198 (30 10)"]
[Site "Internet Chess Club"]
[Date "2023.05.20"]
[Round "5"]
[White "Belous, Vladimir:Openyagami"]
[Black "HEBDEN, MARK L:mhebden"]
[Result "1-0"]
[ICCResult "Black resigns"]
[WhiteElo "2594"]
[BlackElo "2554"]
[Opening "King's Indian: Makagonov system (5.h3)"]
[ECO "E71"]
[NIC "KI.30"]
[Time "20:00:56"]
[PlyCount "101"]
[TimeControl "1800+10"]

1. c4 Nf6 2. Nc3 g6 3. e4 d6 4. d4 Bg7 5. h3 O-O 6. Be3 Na6 7. g4 e5 8. d5
Nc5 9. f3 a5 10. Nge2 c6 11. Ng3 cxd5 12. cxd5 h5 13. Bg5 Qb6 14. Rb1 Nh7
15. Qd2 Nxg5 16. Qxg5 h4 17. Qxh4 Bd7 18. Qg5 Na4 19. Nxa4 Bxa4 20. h4 Bc2
21. Rc1 Rfc8 22. Qd2 Ba4 23. h5 Qb4 24. Rc3 Rxc3 25. bxc3 Qb1+ 26. Kf2 Rc8
27. Bd3 Qb6+ 28. Kg2 Qc5 29. c4 b5 30. cxb5 Bxb5 31. Bxb5 Qxb5 32. Rc1 Rc5
33. Rxc5 Qxc5 34. Qg5 Qc2+ 35. Kh3 Qxa2 36. h6 Bxh6 37. Qxh6 Qb3 38. Qg5 a4
39. Qd8+ Kh7 40. Qxd6 a3 41. Qa6 Qe3 42. g5 Qxf3 43. d6 Qe3 44. Qc4 Kg7 45.
d7 Qxg5 46. Qd5 Qd8 47. Qxe5+ Kf8 48. Qc5+ Kg7 49. Qc3+ Kh7 50. Qc8 Qg5 51.
d8=Q {Black resigns} 1-0

[Event "ICC tourney 3198 (30 10)"]
[Site "Internet Chess Club"]
[Date "2023.05.20"]
[Round "5"]
[White "YUAN, SERENA:doudou2011"]
[Black "BOYLIN, JOHN:Jupiter2008"]
[Result "1-0"]
[ICCResult "Black resigns"]
[WhiteElo "1865"]
[BlackElo "1915"]
[Opening "King's Indian: fianchetto, Larsen system"]
[ECO "A49"]
[NIC "KI.75"]
[Time "20:00:03"]
[PlyCount "113"]
[TimeControl "1800+10"]

1. d4 Nf6 2. Nf3 g6 3. g3 Bg7 4. Bg2 O-O 5. O-O d6 6. c4 c6 7. Nc3 Bf5 8.
Nd2 d5 9. cxd5 cxd5 10. Qb3 Nc6 11. Nf3 Qd6 12. Bf4 Qb4 13. Qxb4 Nxb4 14.
Ne5 Rfd8 15. Rac1 Ne4 16. Rfd1 Nxc3 17. Rxc3 Rac8 18. Rdc1 f6 19. Nd3 Rxc3
20. Rxc3 Nxd3 21. exd3 e5 22. Be3 Rd7 23. Rc5 Be6 24. dxe5 fxe5 25. Rc8+ Kf7
26. Bxa7 Bf5 27. Rc5 e4 28. dxe4 dxe4 29. h3 Bxb2 30. g4 Be6 31. Bxe4 Bd4
32. Ra5 b6 33. Ra6 Bc4 34. Ra3 Bb2 35. Rf3+ Ke6 36. Bxb6 Rd1+ 37. Kg2 Bxa2
38. Re3 Bd5 39. Bxd5+ Kxd5 40. Re7 Kc6 41. Be3 h5 42. gxh5 gxh5 43. Rh7 Rd5
44. f4 Kd6 45. Kf3 Ke6 46. Ke4 Ra5 47. Rh6+ Bf6 48. Bd4 Rf5 49. Bxf6 Rxf6
50. Rxf6+ Kxf6 51. h4 Ke6 52. f5+ Kf7 53. Ke5 Ke7 54. f6+ Kf8 55. Kf5 Kg8
56. Kg6 Kf8 57. f7 {Black resigns} 1-0

[Event "ICC tourney 3198 (30 10)"]
[Site "Internet Chess Club"]
[Date "2023.05.20"]
[Round "5"]
[White "MAMMADOV, ZAUR:zaur94"]
[Black "Volkov, Sergey:Volkov"]
[Result "1-0"]
[ICCResult "Black forfeits on time"]
[WhiteElo "2541"]
[BlackElo "2503"]
[Opening "French: Two knights variation"]
[ECO "C00"]
[NIC "FR.01"]
[Time "20:00:18"]
[PlyCount "155"]
[TimeControl "1800+10"]

1. e4 e6 2. Nf3 d5 3. Nc3 d4 4. Ne2 c5 5. c3 Nf6 6. e5 Nfd7 7. cxd4 cxd4 8.
Nexd4 Nxe5 9. Bb5+ Nec6 10. O-O Be7 11. Ne2 a6 12. Ba4 b5 13. Bc2 Bb7 14. a3
Bf6 15. d4 Ne7 16. Ng3 Bxf3 17. Qxf3 Nbc6 18. Ne4 Bxd4 19. Rd1 Rc8 20. Be3
O-O 21. Ng5 g6 22. Qh3 h5 23. Bxg6 fxg6 24. Qxe6+ Kg7 25. Rxd4 Nxd4 26. Qe5+
Rf6 27. Bxd4 Nc6 28. Ne6+ Kg8 29. Qe4 Qe7 30. Bxf6 Qxf6 31. Rc1 Ne7 32.
Rxc8+ Nxc8 33. g3 Ne7 34. b4 Kf7 35. Nc7 Qd6 36. Qb7 h4 37. Nxa6 h3 38. Qxb5
Nf5 39. Qc4+ Kf6 40. Nc7 Qd1+ 41. Qf1 Qd7 42. Qa6+ Kg7 43. Ne6+ Kh6 44. Nf4
Nh4 45. Qd3 Qg4 46. Qe2 Nf3+ 47. Kh1 Qc8 48. Qe3 Kh7 49. Nd5 Qf5 50. Qe4 Qc8
51. Qxg6+ Kxg6 52. Ne7+ Kf6 53. Nxc8 Ke5 54. b5 Kd5 55. a4 Kc5 56. b6 Kc6
57. a5 Kb7 58. Nd6+ Ka6 59. Ne4 Nd4 60. Ng5 Kxa5 61. b7 Nc6 62. Nxh3 Kb6 63.
Nf4 Kxb7 64. h4 Kc7 65. Kg2 Kd6 66. g4 Ke5 67. Kg3 Nd4 68. Nd3+ Ke4 69. Nf4
Ke5 70. h5 Kf6 71. Nd5+ Ke5 72. h6 Ne2+ 73. Kh2 Kxd5 74. h7 Nd4 75. h8=Q
Nf3+ 76. Kg3 Ne5 77. f4 Nc6 78. f5 {Black forfeits on time} 1-0